 Dungeon Crawl Stone Soup version 0.13-a0-2116-g5cefd36 (webtiles) character file.

87 Kae the Chiller (level 2, -2/22 HPs)
             Began as a Naga Ice Elementalist on June 27, 2013.
             Slain by a hobgoblin (4 damage)
             ... on Level 1 of the Dungeon.
             The game lasted 00:01:29 (888 turns).

Kae the Chiller (Naga Ice Elementalist)              Turns: 888, Time: 00:01:29

HP  -2/22        AC  1     Str 10      XL: 2   Next: 75%
MP   0/4         EV 10     Int 15      God:
Gold 68          SH  0     Dex 11      Spells:  2 memorised,  1 level left

Res.Fire  : . . .   See Invis. : +   (no weapon)
Res.Cold  : . . .   Warding    : .   a - +0 robe
Life Prot.: . . .   Conserve   : .   (no shield)
Res.Poison: +       Res.Corr.  : .   (no helmet)
Res.Elec. : .       Clarity    : .   (no cloak)
Sust.Abil.: . .     Spirit.Shd : .   (no gloves)
Res.Mut.  : .       Stasis     : .   (no barding)
Res.Rott. : .       Flight     : .   (no amulet)
Saprovore : . . .                    (no ring)
                                     (no ring)

@: very slow, slightly resistant to hostile enchantments, fairly stealthy
A: spit poison, see invisible, deformed body, poison resistance, slowness 2
a: Spit Poison


You were on level 1 of the Dungeon.
You were not hungry.

You visited 1 branch of the dungeon, and saw 1 of its levels.

You collected 48 gold pieces.

Inventory:

Armour
 a - a +0 robe (worn)
Comestibles
 c - a bread ration
 f - a meat ration
Scrolls
 e - 3 scrolls of enchant weapon II {unknown}
 h - a scroll of recharging {unknown}
Jewellery
 d - a cursed ring of teleportation {unknown}
 i - a cursed -3 ring of dexterity {unknown}
Potions
 g - a potion of heal wounds {unknown}
Books
 b - a book of Frost

   Spells                             Type                      Level
   *Freeze                            Ice                          1
   *Throw Frost                       Conjuration/Ice              2
   Ozocubu's Armour                   Charms/Ice                   3
   Throw Icicle                       Conjuration/Ice              4
   Summon Ice Beast                   Ice/Summoning                4
   Condensation Shield                Ice                          4


   Skills:
 - Level 1.5 Dodging
 - Level 3.0 Stealth
 + Level 1.5 Spellcasting
 * Level 1.1 Conjurations
 * Level 3.6 Ice Magic


You had one spell level left.
You knew the following spells:

 Your Spells              Type           Power        Failure   Level  Hunger
a - Freeze                Ice            ##..         8%          1    ##.....
b - Throw Frost           Conj/Ice       #.....       14%         2    ###....


Dungeon Overview and Level Annotations

Branches:
Dungeon (1/27)

Altars:


Innate Abilities, Weirdness & Mutations

You cannot wear boots.
You can spit poison.
You have supernaturally acute eyesight.
Armour fits poorly on your strangely shaped body.
Your system is resistant to poisons.
You cover ground very slowly.


Message History

Casting: Freeze
Confirm with . or Enter, or press ? or * to list all spells.
Aiming: Freeze
Press: ? - help, Shift-Dir - straight line, f/p - giant cockroach
Aim: a giant cockroach (clinging)
You freeze the giant cockroach.
You kill the giant cockroach!
The hobgoblin hits you.
* * * LOW HITPOINT WARNING * * *
A giant cockroach comes into view.
A giant cockroach comes up the stairs.
Casting: Freeze
Confirm with . or Enter, or press ? or * to list all spells.
Aiming: Freeze
Press: ? - help, Shift-Dir - straight line, f - giant cockroach
Aim: a giant cockroach (hasn't noticed you)
You freeze the giant cockroach.
The giant cockroach is severely wounded.
The hobgoblin hits you.
You die...

#... #.# #.# .. #....
.###..%##.######.###....########.
.................................
...##.##...#####.######...#####..
#.##...# #...# # ####.% ##.#....#
#...# #..... #......## #...#
##...%. ####......# ###.###
#....## #......##.# #.s@# #...##
#.....###.# #.g%# #...# #.....#
#.# #...# ##.## #####.# #.# ###.#
#.# ###.# #.# #.### #.# #...# #.#
#...# #.#### #...# #)#
######.###### #.##.. #...# #.#
#≈≈≈≈♣≈♣≈≈≈≈# #.##.. ###.# #.#
#≈.......♣.≈# #.##..


You could see a giant cockroach and a hobgoblin.

Vanquished Creatures
  An ooze (D:1)
  3 bats (D:1)
  3 hobgoblins (D:1)
  A giant cockroach (D:1)
  3 giant newts (D:1)
  3 goblins (D:1)
  2 kobolds (D:1)
  5 rats (D:1)
21 creatures vanquished.

Vanquished Creatures (others)
  5 toadstools (D:1)
5 creatures vanquished.

Grand Total: 26 creatures vanquished

Notes
Turn   | Place    | Note
--------------------------------------------------------------
     0 | D:1      | Kae, the Naga Ice Elementalist, began the quest for the Orb.
     0 | D:1      | Reached XP level 1. HP: 15/15 MP: 3/3
   536 | D:1      | Reached XP level 2. HP: 16/22 MP: 0/4
   806 | D:1      | Learned a level 2 spell: Throw Frost
   888 | D:1      | Slain by a hobgoblin

Action                   || total
-------------------------++-------
Melee: Unarmed           ||    15
 Cast: Freeze            ||    28
